 Dungeon Crawl Stone Soup version 0.29.0-11-gd7f09526c8 (webtiles) character file.

Game seed: 12742870813134194744

1018 leavemydog the Conjurer (level 8, 0/41 HPs)
             Began as a Deep Elf Conjurer on Sept 3, 2022.
             Slain by Maggie
             ... wielding a +5 broad axe of freezing
              (3 damage)
             ... on level 7 of the Dungeon.
             The game lasted 00:08:34 (6469 turns).

leavemydog the Conjurer (Deep Elf Conjurer)         Turns: 6469, Time: 00:08:35

Health: 0/41       AC:  8    Str:  4    XL:     8   Next: 2%
Magic:  6/21       EV: 12    Int: 26    God:
Gold:   318        SH:  5    Dex: 13    Spells: 15/22 levels left

rFire   . . .      SeeInvis .   f - +0 dagger (vamp)
rCold   . . .      Faith    .   (no shield)
rNeg    . . .      Spirit   .   a - +0 robe
rPois   .          Reflect  +   t - +0 helmet
rElec   .          Harm     .   u - +0 cloak
rCorr   .          Rampage  .   g - +2 pair of gloves
Will    .....                   m - +0 pair of boots
Stlth   ++........              y - amulet of reflection
HPRegen 0.13/turn               (no ring)
MPRegen 0.17/turn               (no ring)

@: no status effects
A: no striking features
a: no special abilities


You were on level 7 of the Dungeon.
You visited 1 branch of the dungeon, and saw 8 of its levels.

You collected 318 gold pieces.

Inventory:

Hand Weapons
 f - a +0 vampiric dagger (weapon)
Armour
 a - a +0 robe (worn)
 g - a +2 pair of gloves (worn)
 m - a +0 pair of boots (worn)
 r - an orb of mayhem
 t - a +0 helmet (worn)
 u - a +0 cloak (worn)
Jewellery
 y - an amulet of reflection (around neck)
Wands
 A - a wand of charming (7)
Scrolls
 c - 3 scrolls of amnesia
 e - a scroll of torment {unknown}
 h - a scroll of vulnerability {unknown}
 j - a scroll of immolation {unknown}
 l - 2 scrolls of fog {unknown}
 n - a scroll of noise {unknown}
 o - 2 scrolls of teleportation
 w - 2 scrolls of fear {unknown}
 C - a scroll of poison {unknown}
Potions
 b - a potion of magic
 d - 3 potions of curing
 i - 2 potions of heal wounds
 k - 4 potions of flight
 p - 4 potions of lignification
 q - a potion of might {unknown}
 s - 2 potions of haste {unknown}
 v - a potion of cancellation {unknown}
 x - a potion of attraction {unknown}
 z - a potion of ambrosia {unknown}
 B - a potion of brilliance {unknown}


   Skills:
 - Level 2.4 Dodging
 - Level 2.4 Stealth
 + Level 7.9 Spellcasting
 + Level 7.9 Conjurations
 * Level 3.4 Translocations
 * Level 2.3 Air Magic


You had 15 spell levels left.
You knew the following spells:

 Your Spells              Type           Power      Damage    Failure   Level
a - Magic Dart            Conj           100%       1d8       1%          1
b - Searing Ray           Conj           100%       2d8       1%          2
c - Iskenderun's Mystic   Conj/Tloc      39%        2d9       5%          4

Your spell library contained the following spells:

 Spells                   Type           Power      Damage    Failure   Level
 Shock                    Conj/Air       100%       1d9       1%          1
 Dazzling Flash           Conj/Hex       60%        N/A       3%          3
 Summon Small Mammal      Summ           40%        N/A       6%          1
 Swiftness                Air            22%        N/A       6%          3
 Fulminant Prism          Conj/Hex       15%        3d11      11%         4
 Call Canine Familiar     Summ           10%        N/A       17%         3
 Confusing Touch          Hex            10%        N/A       17%         3
 Summon Guardian Golem    Hex/Summ       10%        N/A       17%         3
 Airstrike                Air            11%        2d(2-18)  22%         4
 Yara's Violent Unravell  Hex/Tmut       5%         3d4       85%         5
 Orb of Destruction       Conj           25%        9d9       88%         7
 Enfeeble                 Hex            5%         N/A       100%        7
 Spellforged Servitor     Conj/Summ      15%        N/A       100%        7


Dungeon Overview and Level Annotations

Branches:
Dungeon (8/15)
 Temple: D:4-7         Lair: D:8-11

Altars:
Ashenzari
Cheibriados
Elyvilon
Ru
Uskayaw
Wu Jian
Xom

Shops:
D:5 [

Annotations:
D:3 2 transporters, enotiy's ghost, amateur MiFi
D:7 Maggie


Message History

The searing ray hits Maggie.
Maggie is moderately wounded.
The searing ray hits Maggie!
Maggie is moderately wounded.
Maggie points at you and mumbles some strange words.
The bolt of fire misses you.
The searing ray hits Maggie!
Maggie is heavily wounded.
You finish channelling your searing ray.
Maggie drinks a potion.
Maggie is healed!
Casting: Searing Ray (safe; 1% risk of failure)
Confirm with . or Enter, or press ? or * to list all spells.
Aiming: Searing Ray (safe; 1% risk of failure)
Press: ? - help, Shift-Dir - straight line, f/p - Maggie
Aim: Maggie, wielding a +5 broad axe of freezing and wearing +0 steam dragon scales (heavily wounded, 83% to hit)
The searing ray hits Maggie!
Maggie is heavily wounded. (Press . to maintain the ray.)
The searing ray misses Maggie.
Maggie points at you and mumbles some strange words.
The bolt of fire misses you.
The searing ray hits Maggie.
Maggie is severely wounded.
Maggie casts a spell at you. The bolt of fire hits you!!
Ouch! That really hurt!
You hear a shout!
The searing ray hits Maggie.
Maggie is severely wounded.
You finish channelling your searing ray.
Casting: Searing Ray (safe; 1% risk of failure)
Confirm with . or Enter, or press ? or * to list all spells.
You erupt in a blast of force!
The mystic blast hits Maggie but does no damage.
Maggie is severely wounded.
An orc comes into view. It is wielding a +0 whip.
Maggie hits you with a +5 broad axe of freezing!
* * * LOW HITPOINT WARNING * * *
Maggie freezes you.
You die...

# #.#### #...>####
####....# #....##.##
#.####...####
#...........#########
..####...##....@@o.[#
##.###########o# #.#
..# ............oo.
..# .........#.#.#.
..# ..#####... .. ..#
#.##5 .# ..# #.# ..
.. ..# #.# #. .


You could see Maggie, an orc warrior and an orc.

Vanquished Creatures
  A water moccasin (D:5)
  An ice beast (D:5)
  2 centaurs (D:6)
  A phantom (D:5)
  5 wights (D:6)
  A hound (D:4)
  Jessica (D:2)
  An iguana (D:4)
  An orc wizard (D:5)
  6 adders
  2 white imps
  An ufetubus (D:5)
  2 worms (D:4)
  8 dart slugs
  12 orcs
  10 ball pythons
  5 endoplasms
  7 giant cockroaches
  14 hobgoblins
  8 jackals
  3 quokkas
  6 bats
  2 frilled lizards
  16 goblins
  9 kobolds
  4 rats
129 creatures vanquished.

Notes
Turn   | Place    | Note
-------+----------+-------------------------------------------
     0 | D:1      | leavemydog the Deep Elf Conjurer began the quest for the
                  | Orb.
     0 | D:1      | Reached XP level 1. HP: 10/10 MP: 6/6
   136 | D:1      | Reached XP level 2. HP: 15/15 MP: 2/8
   139 | D:1      | Learned a level 2 spell: Searing Ray
   312 | D:1      | Reached skill level 5 in Conjurations
   696 | D:1      | Reached XP level 3. HP: 19/19 MP: 7/9
  1035 | D:1      | Found a faded altar of an unknown god.
  1455 | D:2      | Noticed Jessica
  1460 | D:2      | Killed Jessica
  1461 | D:2      | Reached XP level 4. HP: 20/24 MP: 6/12
  1546 | D:2      | Learned a level 4 spell: Iskenderun's Mystic Blast
  2860 | D:3      | Identified the +11 sling "Mokhit" {venom, rElec Will- Str-3
                  | Dex+10}
  2933 | D:3      | Noticed enotiy's ghost (amateur MiFi)
  2934 | D:3      | Found a transporter.
  3023 | D:3      | Found a transporter.
  3096 | D:3      | Reached skill level 1 in Translocations
  3096 | D:3      | Reached XP level 5. HP: 28/28 MP: 9/13
  3893 | D:4      | Found a snail-covered altar of Cheibriados.
  4049 | D:4      | Reached skill level 5 in Spellcasting
  4072 | D:4      | Identified the +1 leather armour of Uskayaw's Displeasure
                  | {rN+++ Str+8 Int-2 Stlth-}
  4368 | D:4      | Found a white marble altar of Elyvilon.
  4435 | D:4      | Found a shimmering altar of Xom.
  4516 | D:4      | Found a broken altar of Ashenzari.
  4745 | D:5      | Entered Level 5 of the Dungeon
  4760 | D:5      | Reached XP level 6. HP: 32/32 MP: 11/16
  4904 | D:5      | Found a hide-covered altar of Uskayaw.
  4989 | D:5      | Found Giolirorph's Antique Armour Shoppe.
  5119 | D:5      | Found a sacrificial altar of Ru.
  5213 | D:5      | Found an ornate altar of the Wu Jian Council.
  5289 | D:5      | Noticed a water moccasin
  5296 | D:5      | Killed a water moccasin
  5297 | D:5      | Reached skill level 1 in Air Magic
  5836 | D:5      | Noticed an ice beast
  5841 | D:5      | Killed an ice beast
  5842 | D:5      | Reached XP level 7. HP: 36/36 MP: 11/19
  6282 | D:6      | Reached XP level 8. HP: 37/41 MP: 14/21
  6362 | D:6      | You fall into a shaft and drop 2 floors!
  6454 | D:7      | Noticed Maggie
  6469 | D:7      | Slain by Maggie

Illustrated notes

Levels and vault maps discovered:
D:1:      dpeg_arrival_yet_another_circle, layout_basic,
          shapermc_ecumenical_altar_totnotflames, st_stairs_5,
          minmay_strange_pillars, minmay_strange_pillars,
          chequers_serial_rivers_large_b, minmay_ruptured
D:2:      cheibrodos_greedy_goblins, layout_basic, uniq_jessica
D:3:      minmay_spotlight, layout_basic, gammafunk_ghost_stat_death
D:4:      layout_rooms, kennysheep_little_box, slow_altar_1,
          mainiacjoe_overflow_catch_the_wave
D:5:      layout_loops_ring, mainiacjoe_overflow_alcove_1,
          mainiacjoe_overflow_concentric_impassable,
          mainiacjoe_overflow_catwalk, serial_shops, nicolae_stop_n_shop_1
D:6:      layout_rooms, minmay_temple_entry_butterflies
D:7:      layout_loops_ring, uniq_maggie
D:8:      layout_rooms, grunt_dithmenos_shadows, uniq_erica

Skill      XL: |  1  2  3  4  5  6  7 |
---------------+----------------------+-----
Conjurations   | 5 6 7 |  7.9
Spellcasting   | 4 5 6 7 |  7.9
Translocations | 1 2 3 |  3.4
Air Magic      | 1 2 |  2.3
Dodging        | |  2.4
Stealth        | |  2.4

Action                   |  1- 3 |  4- 6 |  7- 9 || total
-------------------------+-------+-------+-------++-------
Melee: Dagger            |     2 |       |       ||     2
 Cast: Magic Dart        |    70 |   178 |    18 ||   266
       Searing Ray       |       |     8 |    10 ||    18
       Iskenderun's Myst |       |       |     1 ||     1
  Use: Scroll            |       |     9 |     1 ||    10
Armor: Robe              |     1 |     5 |     4 ||    10
Dodge: Dodged            |     3 |    15 |     8 ||    26
Block: Other             |       |     5 |     5 ||    10
       Reflection        |       |     1 |     2 ||     3
